 Dungeon Sprint DCSS version 0.23-b1-67-g8bd44de (webtiles) character file.

Game seed: 10748913323663847563

2228 poirepourri the Basher (level 9, -5/61 HPs)
             Began as a Gargoyle Fighter on Feb 5, 2019.
             Was a Follower of Cheibriados.
             Shot with a bolt by a yaktaur (9 damage)
             ... in the Dungeon (Sprint II: "The Violet Keep of Menkaure").
             The game lasted 00:03:48 (1116 turns).

poirepourri the Basher (Gargoyle Fighter)           Turns: 1116, Time: 00:03:48

Health: -5/61      AC: 14    Str: 25    XL:     9   Next: 36%
Magic:  8/8        EV:  9    Int: 12    God:    Cheibriados [*.....]
Gold:   8          SH: 13    Dex: 15    Spells: 8/8 levels left

rFire    . . .     SeeInvis .   d - +4 flail (protect)
rCold    . . .     Gourm    .   c - +0 shield
rNeg     + . .     Faith    .   j - +1 ring mail {MR+}
rPois    ∞         Spirit   .   (no helmet)
rElec    +         Reflect  .   a - +0 cloak {MR+}
rCorr    .         Harm     .   (no gloves)
MR       ++...     NoTele   +   (no boots)
Stlth    +.........             (no amulet)
HPRegen  0.20/turn              l - +2 ring of strength
MPRegen  0.11/turn              (no ring)

@: very slightly contaminated, very slow
A: frail 1, low mp 1, negative energy resistance 1, electricity resistance,
unbreathing, petrification resistance, no potion heal 1, rot immunity, subdued
magic 1, AC +6
a: Bend Time, Renounce Religion


You were in the Dungeon.
You worshipped Cheibriados.
Cheibriados was aware of your devotion.
You were not hungry.

You visited 1 branch You collected 972 gold pieces.
You spent 964 gold pieces at shops.

Inventory:

Hand Weapons
 d - a +4 flail of protection (weapon)
Armour
 a - a +0 cloak of magic resistance (worn)
 c - a +0 shield (worn)
 j - a +1 ring mail of magic resistance (worn)
Jewellery
 l - a +2 ring of strength (left hand)
Potions
 h - a potion of haste
 i - 2 potions of magic


   Skills:
 - Level 13.3 Fighting
 - Level 14.0 Maces & Flails
 - Level 3.2 Armour
 + Level 10.3 Shields


You had 8 spell levels left.
You didn't know any spells.
Your spell library was empty.

Dungeon Overview and Level Annotations

Branches:
Dungeon (1/1)

Altars:
Cheibriados
Dithmenos
Elyvilon
Fedhas
Gozag
Hepliaklqana
Kikubaaqudgha
Makhleb
Nemelex Xobeh
Okawaru
Qazlal
Ru
Sif Muna
Trog
Uskayaw
Vehumet
Wu Jian
Xom
Yredelemnul
Zin
The Shining One
Beogh
Jiyva
Lugonu

Shops:
D !=:=}?*%(:[:?[!=

Annotations:
D exclusion: oklob plant


Innate Abilities, Weirdness & Mutations

You are resistant to torment.
Your stone body is resilient. (AC +6)
You are immune to poison.
You resist negative energy. (rN+)
You are resistant to electric shocks. (rElec)
You can survive without breathing.
You are immune to petrification.
You are immune to rotting.
You are frail. (-10% HP)
Your magical capacity is low. (-10% MP)
Potions are less effective at restoring your health.
Your spells are a little easier to cast, but a little less powerful.


Message History

* * * LOW HITPOINT WARNING * * *
The polar bear claws you but does no damage. x2
Unknown command.
Unknown command.
Okay, then.
Blink to where?
Press: ? - help, Dir - move target cursor Splash!
You fall into the shallow water.
Moving in this stuff is going to be slow.
You are very lightly contaminated with residual magic.
As you read the scroll of blinking, it crumbles to dust.
The yaktaur hits you but does no damage.
Really walk into a travel-excluded area?
The yaktaur hits you but does no damage.
The yaktaur wields a +0 arbalest.
The yaktaur shoots a bolt.
You block the bolt.
You see here a bolt.
The yaktaur shoots a bolt.
The bolt hits you!
You die...

≈##...##.### .##. ≈#..#).#
...# ^..# ###...####..## #..#
.# $($ .###'## .##..# +..#
.#▓(([(!? ..##.###..#..# #..#
.#▓[)()$$ #.'.<.'.#
+..####.^##.#▓?!$($$
#.##.###..#....###^..##▓▓▓▓▓▓▓
.###†## .##...§§(≈c≈≈≈≈≈≈≈≈≈≈≈
###†#.####≈≈§§§§@≈#h########+#
≈#..#..#≈≈≈≈§§≈..≈#†._.....#§§
≈##...##≈≈≈§≈≈≈≈.≈#(_._....#t≈
≈≈##+##≈≈≈≈§§≈≈§≈≈#_._._...#§§
#≈≈≈≈≈≈≈≈≈≈§§§≈≈§≈#._._._..#≈§
#+++#+++#≈≈≈§§≈§§≈#_._._._.#≈§
....° ##§§§###≈§#._._._._#§≈
..°.°.°..##≈≈# #§≈#_._._._.#≈§
.°°○8°....+§≈# #≈§#..._._._#≈≈


You could see a polar bear and a yaktaur.

Vanquished Creatures
  A merfolk siren (D)
  2 polar bears (D)
  A hornet (D)
  A blink frog (D)
  Menkaure (D)
  4 neqoxecs (D)
  4 necrophages (D)
  4 worker ants (D)
18 creatures vanquished.

Vanquished Creatures (others)
  A crocodile (D)
1 creature vanquished.

Grand Total: 19 creatures vanquished

Notes
Turn   | Place    | Note
-------+----------+-------------------------------------------
     0 | D        | poirepourri the Gargoyle Fighter began the quest for the
                  | Orb.
     0 | D        | Reached XP level 1. HP: 14/14 MP: 1/1
     1 | D        | Noticed a worker ant
     1 | D        | Noticed a worker ant
    27 | D        | Killed a worker ant
    27 | D        | Reached skill level 5 in Maces & Flails
    27 | D        | Reached XP level 2. HP: 11/19 MP: 2/2
    31 | D        | Reached skill level 7 in Maces & Flails
    31 | D        | Reached XP level 3. HP: 9/23 MP: 3/3
    38 | D        | Reached skill level 8 in Maces & Flails
    38 | D        | Reached XP level 4. HP: 12/28 MP: 4/4
    44 | D        | Reached skill level 9 in Maces & Flails
   293 | D        | Noticed a merfolk siren
   309 | D        | Killed a merfolk siren
   309 | D        | Reached skill level 14 in Maces & Flails
   309 | D        | Reached XP level 5. HP: 25/32 MP: 5/5
   309 | D        | Reached XP level 6. HP: 29/37 MP: 6/6
   309 | D        | Reached XP level 7. HP: 33/41 MP: 7/7
   364 | D        | Noticed a neqoxec
   364 | D        | Noticed a neqoxec
   364 | D        | Noticed a neqoxec
   364 | D        | Noticed a neqoxec
   370 | D        | Killed a neqoxec
   372 | D        | Gained mutation: Potions are less effective at restoring
                  | your health. [a neqoxec]
   375 | D        | Gained mutation: You are frail. (-10% HP) [a neqoxec]
   380 | D        | Killed a neqoxec
   380 | D        | Gained mutation: Your magical capacity is low. (-10% MP) [a
                  | neqoxec]
   389 | D        | Gained mutation: Your spells are a little easier to cast,
                  | but a little less powerful. [a neqoxec]
   394 | D        | Killed a neqoxec
   394 | D        | Reached skill level 10 in Fighting
   413 | D        | Killed a neqoxec
   413 | D        | Reached XP level 8. HP: 10/53 MP: 7/7
   673 | D        | Found Akoc's Antique Armour Shoppe.
   673 | D        | Found Fokat's Distillery.
   673 | D        | Found Huluqaso's Book Emporium.
   673 | D        | Found Dein's Magic Scroll Emporium.
   673 | D        | Found Xatuenn's Book Shoppe.
   673 | D        | Found Ehemoar's Antique Armour Shoppe.
   722 | D        | Found Anekelex's Antique Weapon Shoppe.
   722 | D        | Found Qoma's Food Emporium.
   735 | D        | Found Xariunn's General Store.
   735 | D        | Found Xuseotte's Magic Scroll Emporium.
   735 | D        | Noticed a hell hog
   736 | D        | Found Pun Bops's Jewellery Emporium.
   736 | D        | Noticed a hell hog
   737 | D        | Found Qagyuvau's Gadget Shoppe.
   737 | D        | Found Xunocot's Jewellery Emporium.
   737 | D        | Noticed Menkaure
   737 | D        | Noticed an oklob plant
   737 | D        | Noticed a slime creature
   738 | D        | Found Vofeemm's Distillery.
   738 | D        | Found Uhiaph's Jewellery Shoppe.
   738 | D        | Found Peixamis's Book Shoppe.
   738 | D        | Noticed a slime creature
   742 | D        | Noticed a slime creature
   750 | D        | Killed Menkaure
   763 | D        | Noticed a polar bear
   764 | D        | Noticed a polar bear
   779 | D        | Bought a runed flail for 149 gold pieces
   788 | D        | Bought a runed cloak for 232 gold pieces
   792 | D        | Bought a potion of heal wounds for 70 gold pieces
   792 | D        | Bought a potion of heal wounds for 70 gold pieces
   793 | D        | Bought a scroll of enchant weapon for 82 gold pieces
   793 | D        | Bought a scroll of enchant weapon for 82 gold pieces
   794 | D        | Bought a shiny ring mail for 182 gold pieces
   799 | D        | Bought a +2 ring of strength for 97 gold pieces
   834 | D        | Noticed a blink frog
   860 | D        | Killed a blink frog
  1056 | D        | Noticed an ice statue
  1065 | D        | Found a stormy altar of Qazlal.
  1065 | D        | Found an ornate altar of the Wu Jian Council.
  1065 | D        | Found a glowing golden altar of the Shining One.
  1066 | D        | Found a hazy altar of Hepliaklqana.
  1066 | D        | Found a sacrificial altar of Ru.
  1066 | D        | Found a shimmering altar of Xom.
  1067 | D        | Found a roughly hewn altar of Beogh.
  1067 | D        | Found a viscous altar of Jiyva.
  1067 | D        | Found a deep blue altar of Sif Muna.
  1068 | D        | Found a snail-covered altar of Cheibriados.
  1068 | D        | Found an ancient bone altar of Kikubaaqudgha.
  1068 | D        | Found a bloodstained altar of Trog.
  1069 | D        | Found a shadowy altar of Dithmenos.
  1069 | D        | Found a corrupted altar of Lugonu.
  1069 | D        | Found a basalt altar of Yredelemnul.
  1069 | D        | Found a hide-covered altar of Uskayaw.
  1070 | D        | Found a white marble altar of Elyvilon.
  1070 | D        | Found a burning altar of Makhleb.
  1071 | D        | Found a blossoming altar of Fedhas.
  1073 | D        | Found an opulent altar of Gozag.
  1073 | D        | Found a sparkling altar of Nemelex Xobeh.
  1073 | D        | Noticed a hornet
  1073 | D        | Noticed a polar bear
  1073 | D        | Noticed a polar bear
  1073 | D        | Noticed a polar bear
  1074 | D        | Found a glowing silver altar of Zin.
  1074 | D        | Found a radiant altar of Vehumet.
  1074 | D        | Found an iron altar of Okawaru.
  1074 | D        | Noticed a yaktaur
  1078 | D        | Became a worshipper of Cheibriados the Contemplative
  1093 | D        | Killed a polar bear
  1093 | D        | Reached XP level 9. HP: 44/61 MP: 8/8
  1104 | D        | Killed a polar bear
  1104 | D        | Reached * piety under Cheibriados
  1108 | D        | Killed a hornet
  1108 | D        | Reached skill level 10 in Shields
  1112 | D        | HP: 3/61 [polar bear (3)]
  1116 | D        | Shot with a bolt by a yaktaur

Skill      XL: |  1  2  3  4  5  6  7  8  9 |
---------------+----------------------------+-----
Maces & Flails | 5 7 8 14 | 14.0
Fighting       | 10 13 | 13.3
Shields        | 7 10 | 10.3
Armour         | |  3.2

Action                   |  1- 3 |  4- 6 |  7- 9 || total
-------------------------+-------+-------+-------++-------
Melee: Flail             |    30 |    19 |   110 ||   159
  Use: Potion            |     1 |     1 |     4 ||     6
       Scroll            |       |       |     3 ||     3
  Eat: Ration            |       |       |     1 ||     1
Armor: Scale mail        |    11 |     1 |    36 ||    48
       Ring mail         |       |       |    60 ||    60
Dodge: Dodged            |    13 |     1 |    59 ||    73
Block: Shield            |    16 |     4 |    80 ||   100
